 Dungeon Crawl Stone Soup version 0.30-a0-591-g3c58d2bc28 (webtiles) character file.

Game seed: 12935587767896837717

33 Leeroy the Slasher (level 3, 0/21 HPs)
             Began as a Tengu Reaver on Jan 4, 2023.
             Slain by a goblin
             ... wielding a +0 dagger
             ... led by Robin
              (3 damage)
             ... on level 2 of the Dungeon.
             The game lasted 00:01:18 (1426 turns).

Leeroy the Slasher (Tengu Reaver)                   Turns: 1426, Time: 00:01:20

Health: 0/21       AC:  3    Str: 12    XL:     3   Next: 29%
Magic:  7/7        EV: 11    Int: 15    God:
Gold:   98         SH:  0    Dex: 12    Spells: 5/6 levels left

rFire   . . .      SeeInvis +    a - +0 falchion
rCold   . . .      Faith    .    (no shield)
rNeg    . . .      Spirit   .    b - +0 leather armour
rPois   .          Reflect  .    (helmet restricted)
rElec   .          Harm     .    (no cloak)
rCorr   .          Rampage  .    (no gloves)
Will    .....                    (boots unavailable)
Stlth   +                        (no amulet)
HPRegen 0.23/turn                e - ring of see invisible
MPRegen 0.10/turn                (no ring)

@: no status effects
A: beak, talons 3
a: no special abilities


You were on level 2 of the Dungeon.
You visited 1 branch of the dungeon, and saw 2 of its levels.

You collected 98 gold pieces.

Inventory:

Hand Weapons
 a - a +0 falchion (weapon)
 l - a +0 rapier
Armour
 b - a +0 leather armour (worn)
Jewellery
 e - a ring of see invisible (left hand)
Scrolls
 c - a scroll of blinking {unknown}
 f - 2 scrolls of fog {unknown}
 g - a scroll of enchant weapon {unknown}
 h - 3 scrolls of enchant armour {unknown}
 j - a scroll of identify {unknown}
 k - a scroll of poison {unknown}
Potions
 d - 3 potions of heal wounds {unknown}
 i - 2 potions of ambrosia {unknown}
 m - a potion of curing {unknown}
 n - a potion of might {unknown}


   Skills:
 - Level 2.0 Fighting
 + Level 4.7 Long Blades
 - Level 2.1 Dodging
 - Level 2.0 Spellcasting
 - Level 4.0 Conjurations


You had 5 spell levels left.
You knew the following spells:

 Your Spells              Type           Power      Damage    Failure   Level
a - Kiss of Death         Conj/Necr      28%        2d7       12%         1

Your spell library contained the following spells:

 Spells                   Type           Power      Damage    Failure   Level
 Momentum Strike          Conj/Tloc      14%        3d8       19%         2
 Hailstorm                Conj/Ice       7%         3d4       36%         3


Dungeon Overview and Level Annotations

Branches:
Dungeon (2/15)

Altars:

Annotations:
D:2 Natasha, Robin


Innate Abilities, Weirdness & Mutations

You have a beak for a mouth.
You have claws for feet.


Message History

You barely miss the goblin.
The goblin shouts!
Your kick misses the goblin.
You hear an angry hiss.
A hobgoblin comes into view.
A goblin comes into view. It is wielding a +0 dagger.
The goblin misses you.
Robin roars a battlecry!
The goblins go into a battle-frenzy!
You barely miss the goblin. You claw the goblin.
You kill the goblin!
Robin throws the goblin at you!
You closely miss the goblin. The goblin barely misses you. x2
You slash the goblin!
You kill the goblin!
The goblin closely misses you. The goblin barely misses you.
An endoplasm comes into view.
Natasha, Servant of Life and Death comes into view.
The goblin attacks as you move away! The goblin barely misses you.
Robin says, "My goblins will feast on your bones."
Robin throws the goblin at you!
You see here a +0 dagger.
You barely miss the goblin. The goblin closely misses you.
You closely miss the goblin.
The endoplasm quivers.
The goblin hits you with a +0 club. The goblin closely misses you.
The goblin hits you with a +0 dagger.
You closely miss the goblin. The goblin barely misses you.
The goblin hits you with a +0 club. The goblin hits you but does no damage.
You hit the goblin. Your kick misses the goblin. Your peck misses the goblin.
The goblin is moderately wounded.
The goblin hits you with a +0 club.
* * * LOW HITPOINT WARNING * * *
The goblin barely misses you. x2
You hit the goblin.
You kill the goblin!
The goblin hits you with a +0 club.
* * * LOW HITPOINT WARNING * * *
The goblin hits you with a +0 dagger.
You die...

#.......#......#
#.#
#####...#†.....#
#.# ##...#......#
#.# #..#.#......#
###..#.#......#
#....#.#......#
####.##.#.########
#....##.#)#....###
#.#####.#@#g......
#.#####.#gggg.....
##.......###gg.~...
#####..####..#


ggh.... #......# .# ..J..~~ # #.####.# g....~~ ###.####.# ....... .........#
...~... #..#######. ....... You could see Robin, Natasha, an endoplasm, a
hobgoblin (strong) and 6 goblins.

Vanquished Creatures
  A dart slug (D:1)
  2 endoplasms (D:1)
  6 goblins
  5 hobgoblins
  3 quokkas
  A ball python (D:1)
  3 bats
  2 frilled lizards
  4 kobolds
  2 rats
29 creatures vanquished.

Notes
Turn   | Place    | Note
-------+----------+-------------------------------------------
     0 | D:1      | Leeroy the Tengu Reaver began the quest for the Orb.
     0 | D:1      | Reached XP level 1. HP: 12/12 MP: 4/4
   218 | D:1      | Reached XP level 2. HP: 17/17 MP: 6/6
   948 | D:2      | Reached XP level 3. HP: 20/21 MP: 7/7
  1415 | D:2      | Noticed Robin
  1420 | D:2      | Noticed Natasha
  1426 | D:2      | Slain by a goblin

Illustrated notes

Levels and vault maps discovered:
D:1:      evilmike_arrival_fibonacci_small, layout_loops_cross
D:2:      layout_basic, skrybe_limestone_x, minmay_tripent, uniq_natasha,
          uniq_robin

Skill      XL: |  1  2 |
---------------+-------+-----
Long Blades    | 4 |  4.7
Fighting       | |  2.0
Dodging        | |  2.1
Spellcasting   | |  2.0
Conjurations   | |  4.0

Action                   || total
-------------------------++-------
Melee: Falchion          ||    64
       Kick              ||    12
       Peck              ||     3
Armor: Leather armour    ||    24
Dodge: Dodged            ||    46

Table legend: (Time is in decaauts)
 A = Elapsed time spent in this place.
 B = Non-inter-level travel time spent in this place.
 C = Inter-level travel time spent in this place.
 D = Time resting spent in this place.
 E = Time spent auto-exploring this place.
 F = Levels seen in this place.
 G = Mean time per level.
                   A        B        C        D        E       F      G
               +--------+--------+--------+--------+--------+-----+--------+
         Total |   1430 |   1396 |     34 |      0 |   1217 |   2 |  715.0 |
       Dungeon |   1430 |   1396 |     34 |      0 |   1217 |   2 |  715.0 |
               +--------+--------+--------+--------+--------+-----+--------+

Top non-repeatable levels by time:
     D:2: 759 daAuts
     D:1: 671 daAuts
